 Dungeon Crawl Stone Soup version 0.19-a0-1905-ge8b2aad (webtiles) character file.

40 Grim the Scratcher (level 3, -1/15 HPs)
             Began as a Felid Transmuter on Oct 21, 2016.
             Slain by a worm (9 damage)
             ... on level 2 of the Dungeon.
             The game lasted 00:05:17 (1978 turns).

Grim the Scratcher (Felid Transmuter)               Turns: 1978, Time: 00:05:18

Health: -1/15      AC:  1    Str:  6    XL:     3   Next: 30%
Magic:  3/7        EV: 18    Int: 15    God:
Gold:   48         SH:  0    Dex: 16    Spells: 2 memorised, 3 levels left
                                        Lives:  0   Deaths: 0

rFire  . . .     SeeInvis +       - Unarmed
rCold  . . .     Gourm    .     (armour unavailable)
rNeg   . . .     Faith    .     (shield unavailable)
rPois  .         Spirit   .     (helmet unavailable)
rElec  .         Reflect  .     (cloak unavailable)
rCorr  .         Harm     .     (gloves unavailable)
MR     .....                    (boots unavailable)
Stlth  ++........               (no amulet)
                                (no ring)
                                (no ring)

@: appendage, quick
A: no armour, no weapons or thrown items, stealth, claws 1, fangs 3, horns 2,
see invisible, carnivore 3, speed 1, shaggy fur 1, slow metabolism 1, sharp paws
a: End Transformation


You were on level 2 of the Dungeon.
You were completely stuffed.
You had grown temporary horns.
You visited 1 branch of the dungeon, and saw 2 of its levels.

You collected 48 gold pieces.

Inventory:

Missiles
 a - 8 arrows
Scrolls
 e - 2 scrolls of identify {unknown}
 f - a scroll of random uselessness {unknown}
 l - a scroll of remove curse {unknown}
 m - a scroll of recharging {unknown}
Potions
 d - a potion of degeneration {unknown}
 g - 2 potions of flight {unknown}
 h - a potion of brilliance {unknown}
 i - 2 potions of curing {unknown}
 k - 2 potions of cure mutation {unknown}
Books
 b - a book of Changes

   Spells                             Type                      Level
   a - Beastly Appendage              Transmutation                1
   b - Sticks to Snakes               Transmutation                2
   c - Spider Form                    Transmutation/Poison         3
   d - Ice Form                       Ice/Transmutation            4
   e - Blade Hands                    Transmutation                5
Comestibles
 c - a meat ration
 j - a slice of pizza


   Skills:
 - Level 1.0 Fighting
 - Level 2.6 Dodging
 + Level 3.8 Unarmed Combat
 - Level 2.0 Spellcasting
 + Level 3.2 Transmutations


You had 3 spell levels left.
You knew the following spells:

 Your Spells              Type           Power        Failure   Level  Hunger
a - Beastly Appendage     Tmut           ##....       8%          1    #......
b - Sticks to Snakes      Tmut           ##......     12%         2    ###....


Dungeon Overview and Level Annotations

Branches:
Dungeon (2/15)

Altars:


Innate Abilities, Weirdness & Mutations

You cannot wear armour.
You are incapable of wielding weapons or throwing items.
Your paws allow you to move quietly. (Stealth)
You have sharp claws.
You have razor-sharp teeth.
You have supernaturally acute eyesight. (SInv)
You are carnivorous and can eat meat at any time.
You cover ground quickly.
You are covered in fur. (AC +1)
You have a slow metabolism.
Your sharp claws are effective at attacking unaware monsters.
You have a pair of horns on your head.


Message History

Casting: Beastly Appendage
Confirm with . or Enter, or press ? or * to list all spells.
You grow a pair of large bovine horns.
Casting: Beastly Appendage
Confirm with . or Enter, or press ? or * to list all spells.
You extend your transformation's duration.
Casting: Beastly Appendage
Confirm with . or Enter, or press ? or * to list all spells.
You create a snake!
You now have 8 arrows.
The worm misses you.
You scratch the worm.
The worm is lightly wounded.
You scratch the worm. You bite the worm.
The worm is heavily wounded.
The worm bites you!
* * * LOW HITPOINT WARNING * * *
You barely miss the worm. You bite the worm, but do no damage.
The worm is moderately wounded.
Your adder bites the worm.
The worm bites you!
Ouch! That really hurt!
You die...

.....#....#...#.#.#
#.#..#....#...#.#.# ...
#.#..#....#...#.#.# ...
#.#..#....#.#.#.#.# ....
#.#..#..........#.#.....
#.#..####.#.#...#.#.....
#.#..# #.#.............
#.#..# #.........#.....
#.#..## #.......@S# $..
..#... .......<.w.......
###.#####.........#.####
...... ##......#..#.#
.##.##.##.####.#..# #
.#.....# .....# ....#
##...># .#......... ..##
.##########


You could see a worm and a friendly adder.

Vanquished Creatures
  An adder (D:2)
  A worm (D:2)
  A dart slug (D:1)
  A leopard gecko (D:2)
  5 bats
  2 giant cockroaches (D:1)
  2 hobgoblins (D:1)
  A frilled lizard (D:1)
  4 goblins
  6 kobolds (D:1)
  3 rats
27 creatures vanquished.

Notes
Turn   | Place    | Note
-------+----------+-------------------------------------------
     0 | D:1      | Grim the Felid Transmuter began the quest for the Orb.
     0 | D:1      | Reached XP level 1. HP: 9/9 MP: 4/4
   496 | D:1      | Reached XP level 2. HP: 12/12 MP: 6/6
  1324 | D:1      | Learned a level 2 spell: Sticks to Snakes
  1430 | D:2      | Reached XP level 3. HP: 11/15 MP: 3/7
  1978 | D:2      | Slain by a worm

Vault maps used:
D:1:      dpeg_arrival_tiny_d
D:2:      minmay_tromino_i4

Skill      XL: |  1  2 |
---------------+-------+-----
Transmutations | 3 |  3.2
Fighting       | |  1.0
Dodging        | |  2.6
Unarmed Combat | |  3.8
Spellcasting   | |  2.0

Action                   || total
-------------------------++-------
Melee: Unarmed           ||    85
       Headbutt          ||     8
       Bite              ||     9
 Cast: Beastly Appendage ||    22
       Sticks to Snakes  ||     4
 Abil: End Transformatio ||     1
 Stab: Sleeping          ||     2
       Distracted        ||     1
  Eat: Chunk             ||    10
Armor: Skin              ||     6
Dodge: Dodged            ||    68
